 Dungeon Crawl Stone Soup version 0.30-a0-779-g7971cf19c3 (console) character file.

Game seed: 1751008219888588818

203 rlgrobin the Sneak (level 5, -4/31 HPs)
             Began as a Deep Elf Delver on Feb 17, 2023.
             Killed by divine providence
             ... invoked by an orc priest
              (13 damage)
             ... on level 3 of the Dungeon.
             The game lasted 00:05:22 (2622 turns).

rlgrobin the Sneak (Deep Elf Delver)                Turns: 2622, Time: 00:05:23

Health: -4/31      AC:  3    Str:  9    XL:     5   Next: 51%
Magic:  0/7        EV: 14    Int: 12    God:
Gold:   186        SH:  0    Dex: 16    Spells: 4/4 levels left

rFire   + . .      SeeInvis .    a - +9 hand axe {speed, rF+ rN++ Int-5}
rCold   . . .      Faith    .    (no shield)
rNeg    + + .      Spirit   +    b - +0 leather armour
rPois   .          Reflect  .    (no helmet)
rElec   .          Harm     .    (no cloak)
rCorr   .          Rampage  .    (no gloves)
Will    .....                    (no boots)
Stlth   +++                      r - amulet of guardian spirit
HPRegen 0.25/turn                y - ring of flight
MPRegen 0.10/turn                (no ring)

@: flying
A: no striking features
a: no special abilities


You were on level 3 of the Dungeon.
You visited 1 branch of the dungeon, and saw 5 of its levels.

You collected 186 gold pieces.

Inventory:

Hand Weapons
 a - the +9 hand axe "Beastslayer" (weapon) {speed, rF+ rN++ Int-5}
   (You found it on level 3 of the Dungeon)

   Int:       It affects your intelligence (-5).
   rF:        It protects you from fire.
   rN:        It greatly protects you from negative energy.
 m - a +0 short sword
 x - the +6 war axe of the Pillar {flame, *Corrode rF++ Dex+5}
   (You found it on level 3 of the Dungeon)

   Dex:       It affects your dexterity (+5).
   rF:        It greatly protects you from fire.
   *Corrode:  It may corrode you when you take damage.
Armour
 b - a +0 leather armour (worn)
Jewellery
 r - an amulet of guardian spirit (around neck)
 y - a ring of flight (left hand)
Wands
 g - a wand of digging (3)
 n - a wand of polymorph (9)
Scrolls
 c - 5 scrolls of fog
 d - 2 scrolls of magic mapping
 e - a scroll of fear
 h - a scroll of summoning {unknown}
 k - 5 scrolls of identify {unknown}
 o - a scroll of enchant armour {unknown}
 q - a scroll of amnesia {unknown}
 u - a scroll of teleportation {unknown}
 w - a scroll of blinking {unknown}
 z - a scroll of poison {unknown}
Potions
 f - 2 potions of haste
 i - 2 potions of attraction {unknown}
 j - a potion of brilliance {unknown}
 l - a potion of invisibility {unknown}
 p - 4 potions of mutation {unknown}
 s - a potion of heal wounds {unknown}
 t - 5 potions of lignification {unknown}
 v - 2 potions of flight {unknown}


   Skills:
 - Level 2.4 Fighting
 - Level 2.0 Short Blades
 + Level 6.3 Dodging
 - Level 6.8 Stealth


You had 4 spell levels left.
You didn't know any spells.
Your spell library contained the following spells:

 Spells                   Type           Power      Damage    Failure   Level
 Blink                    Tloc           0%         N/A       56%         2
 Manifold Assault         Tloc           0%         N/A       99%         4
 Storm Form               Tmut/Air       0%         N/A       100%        7


Dungeon Overview and Level Annotations

Branches:
Dungeon (5/15)
 Temple: D:4-7

Altars:

Annotations:
D:5 exclusions: 2 orc wizards and 2 scorpions


Message History

z - a scroll labelled NEIZIANEJU
d - 2 scrolls of magic mapping (gained 1)
An orc comes into view. It is wielding a +0 short sword.
An orc is nearby!
An orc comes into view. It is wielding a +0 club.
Found a ring mail.
The orc throws a boomerang.
The boomerang misses you. The orc hits you with a +0 short sword.
You barely miss the orc. The orc hits you with a +0 short sword.
You slash the orc!
You kill the orc!
No target in view!
No target in view!
Things that are here:
a +0 short sword; 2 boomerangs
Things that are here:
a +0 short sword; 2 boomerangs You start resting.
Magic restored.
HP restored.
The orc priest shouts!
The orc priest looks braver for a moment.
The orc shouts!
The orc priest mumbles some strange prayers to Beogh against you.
Beogh smites you!
The orc priest invokes the aid of Beogh against you.
Beogh smites you!
You hit the orc priest.
The orc priest is moderately wounded.
The orc priest mumbles some strange prayers to Beogh against you.
Pain shoots through your body!
You hit the orc priest.
The orc priest is severely wounded.
The orc priest hits you with a +0 whip.
* * * LOW HITPOINT WARNING * * *
You hit the orc priest.
The orc priest is almost dead.
The orc priest mumbles some strange prayers to Beogh against you.
Beogh smites you!
You die...

...# #.# #.#.##.##########
##.###.# #.#.............#
##..##.# #.#.##.##....##.#
.......# #.#.##.##.<..##.#
.......# #.#.##.##....##.#
.......# #.#[##.##....##.#
.......### #.#o##.##....##.#
.........# #.#o##.##....##.#
.......#.#####.#@##.##....##.#
######.#.........##.##....##.#
#.#.##.##.##.......####.#
#.#.##..................#
#.#............##########
###.########...$......#
#..........+...>......#
#.#.########....[.....#
#.#...................#


You could see an orc priest and an orc.

Vanquished Creatures
  A phantom (D:3)
  Jessica (D:2)
  Natasha (D:3)
  3 adders
  A worm (D:2)
  A dart slug (D:1)
  An orc (D:3)
  5 ball pythons
  4 bats
  6 endoplasms
  A giant cockroach (D:3)
  3 goblins
  3 hobgoblins
  2 jackals (D:3)
  A quokka (D:1)
  3 frilled lizards
  4 kobolds
  8 rats
49 creatures vanquished.

Notes
Turn   | Place    | Note
-------+----------+-------------------------------------------
     0 | D:5      | rlgrobin the Deep Elf Delver began the quest for the Orb.
     0 | D:5      | Reached XP level 1. HP: 13/13 MP: 3/3
    19 | D:5      | Noticed an orc wizard
    47 | D:5      | Reached XP level 2. HP: 18/18 MP: 4/4
   176 | D:5      | Noticed a scorpion
   205 | D:5      | Noticed a scorpion
   221 | D:5      | Noticed a scorpion
   411 | D:3      | Identified the +9 hand axe "Beastslayer" {speed, rF+ rN++
                  | Int-5}
   521 | D:1      | Reached XP level 3. HP: 22/22 MP: 5/5
  1261 | D:2      | Noticed Jessica
  1269 | D:2      | Killed Jessica
  1270 | D:2      | Reached XP level 4. HP: 26/27 MP: 4/6
  1793 | D:3      | Identified the +6 war axe of the Pillar {flame, *Corrode
                  | rF++ Dex+5}
  1828 | D:3      | Found a faded altar of an unknown god.
  2028 | D:3      | Noticed a phantom
  2036 | D:3      | Killed a phantom
  2037 | D:3      | Reached skill level 5 in Dodging
  2037 | D:3      | Reached XP level 5. HP: 25/31 MP: 4/7
  2282 | D:3      | Noticed Natasha
  2354 | D:3      | Killed Natasha
  2622 | D:3      | Killed from afar by an orc priest

Illustrated notes

Levels and vault maps discovered:
D:1:      amcnicky_arrival_single_pillar, layout_rooms, minmay_3d_cube
D:2:      layout_loops_ring, uniq_jessica
D:3:      layout_basic, shapermc_ecumenical_altar_petra, uniq_natasha
D:4:      layout_basic, minmay_temple_entry_hall, st_stairs_14, uniq_menkaure,
          uniq_sigmund, uniq_edmund, uniq_robin, uniq_grinder, uniq_duvessa
D:5:      layout_loops_cross

Skill      XL: |  1  2  3  4  5 |
---------------+----------------+-----
Dodging        | 3 4 5 6 |  6.3
Fighting       | |  2.4
Short Blades   | |  2.0
Stealth        | |  6.8

Action                     |  1- 3 |  4- 6 || total
---------------------------+-------+-------++-------
  Melee: Short sword       |    12 |       ||    12
         Hand axe          |    47 |    28 ||    75
         Punch             |     1 |       ||     1
   Stab: Sleeping          |    13 |     2 ||    15
 Armour: Leather armour    |     6 |     4 ||    10
  Dodge: Dodged            |    25 |     9 ||    34

Table legend: (Time is in decaauts)
 A = Elapsed time spent in this place.
 B = Non-inter-level travel time spent in this place.
 C = Inter-level travel time spent in this place.
 D = Time resting spent in this place.
 E = Time spent auto-exploring this place.
 F = Levels seen in this place.
 G = Mean time per level.
                   A        B        C        D        E       F      G
               +--------+--------+--------+--------+--------+-----+--------+
         Total |   2606 |   2500 |    106 |     77 |   1649 |   5 |  521.2 |
       Dungeon |   2606 |   2500 |    106 |     77 |   1649 |   5 |  521.2 |
               +--------+--------+--------+--------+--------+-----+--------+

Top non-repeatable levels by time:
     D:3: 1102 daAuts
     D:2: 710 daAuts
     D:1: 533 daAuts
     D:5: 256 daAuts
     D:4: 2 daAuts
